← All builds
Geo / Armada / Economy first / OBSERVED BUILD

Standard geo

Eco-first Geo build that rushes geothermal power and T2 constructor before transitioning into Starlight-led T2 units for front, the role's baseline play.

Usually blows up the commander for T2 (67%)

#eco #t2 · 749 distinct matches · 110 players · 59% of Armada Geo games · team won 54% of 843 · Recently observed

HOW TO PLAY IT

Key timing: Geothermal Powerplant by 3:26

  1. Open mex and wind into Bot Lab.
  2. Rush geothermal for the early energy spike.
  3. Add Advanced Metal Extractor, then Advanced Geothermal by 7:07.
  4. Bring up Vehicle Plant alongside T2 con for "Starlight" and vehicles.
  5. Funnel "Starlight" and T1 vehicles to front, pay allies with cons and "Lazarus".

Phase by phase

TYPICAL OF ITS 749 GAMES
  1. 1
  2. 2
  3. 3
  4. 4
PLAY THE OPENING

Follow the example game's first 6:00 step by step: what to build now, what comes next, and where it goes. At 1× it keeps pace with your own game.

  1. 1

    Up to the Bot Lab

    Economy
    • Metal Extractor2Mex
    • Wind Turbine4Wind
    Order
    1. Bot LabBot Lab after 2 mex, 4 winddone ~1:11, middle half 0:58–1:22

    By 0:55 in all: 2 mex · 4 wind

    The example game in this phase · 5 steps
    1. Mex ×2
    2. Wind ×4
    3. Energy storage
    4. Wind
    5. Bot LabBot Labdone 1:18 · typical 1:11
  2. 2

    Bot Lab to 5:00

    Economy
    • Metal Extractor2Mex
    • Wind Turbine3Wind
    • Energy Converter8Converter
    • Energy Storage1Energy storage
    Order
    1. Geothermal PowerplantGeo after 4 mex, 5 wind, 1 energy storage
    Builders
    • Construction Turret5 Con turret
    • Lazarus4 Lazarus
    • Construction Bot2 Con bot
    • Construction Bot1 Con bot for allies
    • Lazarus1 Lazarus for allies

    By 5:00 in all: 4 mex · 7 wind · 1 geo · 8 converter · 1 energy storage · 5 con turret

    The example game in this phase · 21 steps
    1. Construction BotCon botfor Beach sea
    2. Construction BotCon bot
    3. LazarusLazarus
    4. LazarusLazarusfor Beach sea
    5. Mex
    6. LazarusLazarus
    7. Mex
    8. LazarusLazarus
    9. Construction BotCon bot
    10. LazarusLazarus
    11. Geothermal PowerplantGeodone 3:25 · typical 3:26
    12. Wind ×2
    13. Converter
    14. Con turret
    15. Converter ×3
    16. Con turret
    17. Metal storage
    18. Con turret
    19. Converter ×3
    20. Con turret
    21. Converter ×2
  3. 3

    5:00 to Vehicle Plant

    Order
    1. Advanced Geothermal PowerplantAdvanced Geothermal Powerplant after 8 wind, 10 converter, 6 con turretin 59% of games
    2. Vehicle PlantVehicle Plant after 10 wind, 10 converter, 6 con turretdone ~7:07, middle half 6:41–7:40
    Builders
    • Construction Turret1 Con turret

    Some games also: converter (49%) · wind (48%)

    By 6:59 in all: 4 mex · 10 wind · 1 geo · 1 Advanced Geothermal Powerplant · 10 converter · 1 energy storage

    The example game in this phase · 1 step
    1. Vehicle PlantVehicle Plantdone 5:12 · typical 7:07
  4. 4

    Vehicle Plant to 10:00

    Economy
    • Wind Turbine5Wind
    • Energy Converter3Converter
    Order
    1. Advanced Vehicle PlantAdvanced Vehicle Plant after 11 wind, 11 converter, 7 con turret
    Builders
    • Construction Vehicle1 Con vehicle
    Army
    • Starlight2 Starlight
    • Umbra1 Jammer
    • Prophet1 Radar vehicle

    Some games also: con turret (50%) · T2 con vehicle for allies (48%) · Jaguar (31%)

    By 10:00 in all: 4 mex · 20 wind · 1 geo · 1 Advanced Geothermal Powerplant · 16 converter · 1 energy storage

    The example game in this phase · 150 steps
    1. Con turret
    2. Construction VehicleCon vehicle
    3. BeamerBeamer ×2
    4. Advanced Metal ExtractorT2 mexdone 6:13 · typical 5:33
    5. BeamerBeamer ×2
    6. Advanced Metal ExtractorT2 mex
    7. Radar TowerRadar Tower
    8. BeamerBeamer
    9. Vehicle PlantVehicle Plantdone 6:29
    10. BlitzBlitz
    11. Advanced Metal ExtractorT2 mex
    12. BlitzBlitz ×5
    13. Advanced Geothermal PowerplantAdvanced Geothermal Powerplantdone 7:45 · typical 7:06
    14. BlitzBlitz
    15. Advanced Metal ExtractorT2 mex
    16. BlitzBlitz ×2
    17. Wind ×3
    18. Con turret
    19. Wind ×2
    20. Advanced Vehicle PlantAdvanced Vehicle Plantdone 8:36 · typical 8:07
    21. Wind ×4
    22. JaguarJaguar
    23. Wind ×2
    24. JaguarJaguar
    25. Wind
    26. MauserMauser
    27. Wind
    28. Wind
    29. Wind
    30. JaguarJaguar
    31. Wind
    32. Con turret
    33. JaguarJaguar
    34. Wind ×2
    35. MauserMauser
    36. Wind ×2
    37. JaguarJaguar
    38. Advanced Metal ExtractorT2 mex
    39. JaguarJaguar
    40. Wind ×3
    41. Twin GuardTwin Guard
    42. MauserMauser
    43. Wind ×4
    44. JaguarJaguar
    45. Wind ×3
    46. JaguarJaguar
    47. Wind ×2
    48. SentrySentry
    49. Wind
    50. MauserMauser
    51. Wind ×3
    52. SentrySentry
    53. Wind
    54. UmbraJammer
    55. Wind
    56. Converter
    57. Wind
    58. Advanced Metal ExtractorT2 mex
    59. ProphetRadar vehicle
    60. SentrySentry
    61. Converter
    62. Wind ×2
    63. JaguarJaguar
    64. Wind ×3
    65. JaguarJaguar
    66. Twin GuardTwin Guard
    67. Wind ×4
    68. MauserMauser
    69. Wind ×3
    70. JaguarJaguar
    71. Wind ×3
    72. Advanced Metal ExtractorT2 mex
    73. JaguarJaguar
    74. Wind ×2
    75. MauserMauser
    76. Wind ×4
    77. JaguarJaguar
    78. Wind
    79. Converter
    80. Wind
    81. JaguarJaguar
    82. Converter
    83. Wind ×2
    84. Converter
    85. MauserMauser
    86. Wind ×2
    87. JaguarJaguar
    88. Wind ×3
    89. JaguarJaguar
    90. Wind
    91. Twin GuardTwin Guard
    92. Wind ×3
    93. JaguarJaguar
    94. Wind ×2
    95. JaguarJaguar
    96. Wind ×2
    97. JaguarJaguar
    98. Wind ×3
    99. JaguarJaguar
    100. Wind ×3
    101. JaguarJaguar
    102. Converter
    103. Wind
    104. Converter
    105. MauserMauser
    106. Wind ×3
    107. JaguarJaguar
    108. Wind ×3
    109. JaguarJaguar
    110. Wind ×4
    111. ConsulConsul
    112. Wind ×3
    113. ConsulConsul
    114. Con turret
    115. Wind ×4
    116. Converter
    117. ConsulConsul
    118. Metal storage
    119. Wind
    120. Con turret
    121. Converter
    122. Wind ×2
    123. Con turret
    124. Metal storage
    125. ConsulConsul
    126. Wind
    127. Con turret
    128. Wind ×2
    129. ConsulConsul
    130. Wind ×4
    131. Con turret
    132. Converter
    133. Con turret
    134. Converter
    135. Wind
    136. Con turret
    137. Wind
    138. Geothermal PowerplantGeodone 14:47
    139. Con turret
    140. Wind
    141. Con turret
    142. Wind
    143. Con turret
    144. Advanced Metal ExtractorT2 mex
    145. Wind
    146. Con turret
    147. Wind
    148. Con turret ×2
    149. Converter
    150. Con turret

Counts are medians over the build's games: half of them build more, half fewer. The example game is Damsko's (39 OS, 26/09/2026); pick another.

Team trades

IN AT LEAST 30% OF ITS GAMES

You hand over

  • Lazarus1 Lazarus to Beach seafirst at 2:16 · in 77% of games
  • Construction Bot1 Con bot to Beach seafirst at 2:30 · in 88% of games
  • Advanced Construction Vehicle1 T2 con vehicle to Suicide front or Frontfirst at 8:52 · in 62% of games

You get

  • Hercules1 Light transport from Airfirst at 4:19 · in 34% of games
  • Advanced Construction Bot1 T2 con bot from Techfirst at 4:48 · in 95% of games

How it plays out

Typical game of this build, running totals by minute

Metal produced

020k40k
0:005:0010:0015:00

metal

Enemy metal destroyed

05k10k15k
0:005:0010:0015:00

metal

Own metal lost

02.5k5k7.5k
0:005:0010:0015:00

metal

843 games.

Show as table
ByMetal produced: This buildEnemy metal destroyed: This buildOwn metal lost: This build
1:0033300
2:0082700
3:00152800
4:00270700
5:00373200
6:00572700
7:00816600
8:0011505021
9:001453251130
10:0017435630320
11:00204162108831
12:002336940291940
13:002613961873295
14:002902585104756
15:0031663103966186
WHAT THE NUMBERS SAY

Standard Geo build dominates the resource numbers, with zero own losses through 10:00 and a huge metal lead by 15:00.

  • + Metal produced hits 31426 by 15:00, highest of all six builds
  • + Own metal lost is 0 by 5:00 and only 334 by 10:00
  • − First Starlight only arrives in 57% of games by 9:19
  • − Advanced geothermal lands in just 69% of games by 7:16
THE EXAMPLE YOU ARE READING

Damsko

39.1 OS · 26/09/2026

Open source match ↗

44 received units · includes a constructor
3727 metal received · 95899 energy received

Allied construction assistance is unknown. Timings are observations, not a promise of solo reproducibility.

Typical milestones

Bot Lab1:11Middle 50%: 0:58–1:22 · n=842
Geothermal Powerplant3:26Middle 50%: 3:10–3:42 · n=841
Advanced Metal Extractor5:33Middle 50%: 5:17–5:56 · n=840
Advanced Geothermal Powerplant7:06Middle 50%: 6:49–7:33 · n=604
Vehicle Plant7:07Middle 50%: 6:41–7:40 · n=803
Advanced Vehicle Plant8:07Middle 50%: 7:40–8:47 · n=765
Starlight9:02Middle 50%: 8:32–9:52 · n=669

Played most by

0neTw086games of this buildzeus_on_god86games of this buildViltrum54games of this buildDamsko44games of this buildXad42games of this build